 Dungeon Crawl Stone Soup version 0.31-a0-750-gfe7b580527 (webtiles) character file.

Game seed: 11627213259723128177

1705 Shayle the Fighter (level 9, -2/145 HPs)
             Began as an Ogre Shapeshifter on Sept 13, 2023.
             Was an Initiate of Kikubaaqudgha.
             Slain by Joseph
             ... wielding a +0 quarterstaff
              (15 damage)
             ... on level 7 of the Dungeon on Sept 15, 2023.
             The game lasted 00:21:42 (7111 turns).

Shayle the Fighter (Ogre Shapeshifter)              Turns: 7111, Time: 00:21:43

Health: -2/145     AC:  3    Str: 20    XL:     9   Next: 3%
Magic:  10/10      EV: 14    Int: 15    God:    Kikubaaqudgha [......]
Gold:   35         SH:  0    Dex:  8    Spells: 10/10 levels left

rFire   . . .        A - +1 hand axe (venom)
rCold   . . .        (no shield)
rNeg    . . .        a - +0 animal skin
rPois   .            (helmet currently unavailable)
rElec   .            (cloak currently unavailable)
rCorr   +            (gloves unavailable)
SInv    .            (boots unavailable)
Will    .....        (no amulet) Stlth
                     h - +5 ring of evasion
HPRegen 0.44/turn    r - ring of resist corrosion
MPRegen 0.12/turn

%: no passive effects
@: berserking, beast-form, very quick
A: beast (slay +3), large, unfitting armour, tough skin 1
a: Begin Untransformation, Renounce Religion


You were on level 7 of the Dungeon.
You worshipped Kikubaaqudgha.
Kikubaaqudgha was noncommittal.
You were a hulking beast.
You visited 2 branches of the dungeon, and saw 8 of its levels.

You collected 345 gold pieces.
You spent 310 gold pieces at shops.

Inventory:

Hand Weapons
 A - a +1 hand axe of venom (weapon)
Missiles
 q - 2 curare-tipped darts (quivered)
Armour
 a - a +0 animal skin (worn)
 g - a +0 cloak
Jewellery
 f - a ring of magical power
 h - a +5 ring of evasion (left hand)
 k - an amulet of faith
 l - a ring of ice
 p - a ring of protection from cold
 r - a ring of resist corrosion (right hand)
Talismans
 c - a beast talisman (active)
 d - a flux talisman
 o - a serpent talisman
Wands
 C - a wand of roots (7)
 D - a wand of flame (9)
 E - a wand of polymorph (22)
Scrolls
 b - a scroll of summoning
 e - 3 scrolls of amnesia
 j - 2 scrolls of fog
 m - a scroll of silence {unknown}
 n - a scroll of brand weapon
 t - 2 scrolls of teleportation
 u - 2 scrolls of revelation
 x - a scroll of fear
 y - a scroll of blinking
 G - a scroll of vulnerability
 H - a scroll of enchant armour {unknown}
 I - a scroll of identify
 J - a scroll of enchant weapon {unknown}
Potions
 i - 2 potions of brilliance
 s - a potion of magic
 v - 2 potions of haste
 w - a potion of attraction
 F - a potion of curing {unknown}


   Skills:
 + Level 8.5 Fighting
 - Level 1.7 Dodging
 + Level 6.4 Unarmed Combat
 - Level 1.3 Spellcasting
 + Level 6.5 Shapeshifting


You had 10 spell levels left.
You didn't know any spells.
Your spell library contained the following spells:

 Spells                   Type           Power      Damage    Failure   Level
 Blink                    Tloc           0%         N/A       36%         2
 Lesser Beckoning         Tloc           0%         N/A       36%         2
 Momentum Strike          Conj/Tloc      0%         3d8       36%         2
 Ozocubu's Armour         Ice            0%         N/A       58%         3
 Ozocubu's Refrigeration  Ice            0%         4d7       100%        7


Dungeon Overview and Level Annotations

Branches:
Dungeon (7/15)             Temple (1/1) D:4

Altars:
Ashenzari
Cheibriados
Dithmenos
Elyvilon
Fedhas
Gozag
Hepliaklqana
Kikubaaqudgha
Makhleb
Nemelex Xobeh
Okawaru
Ru
Trog
Vehumet
Wu Jian
Yredelemnul
Zin
The Shining One

Shops:
D:1 [   D:5 ?:

Annotations:
D:7 Joseph


Innate Abilities, Weirdness & Mutations

You are a hulking beast.
Your limbs bulge with bestial killing power. (Slay +3)
You are too large for most types of armour.
You have tough skin. (AC +1)


Message History

Joseph, a Mercenary comes into view.
He is wielding a +0 quarterstaff.
Joseph shouts!
Joseph unwields a +0 quarterstaff.
Joseph wields a +0 sling.
Joseph shoots a sling bullet.
The sling bullet hits you!
* * * LOW HITPOINT WARNING * * *
Things that are here:
a +0 dagger; a +0 short sword; an orc corpse Joseph shoots a sling bullet.
The sling bullet completely misses you.
Found 15 gold pieces.
Joseph shoots a sling bullet.
The sling bullet barely misses you.
Joseph unwields a +0 sling.
Joseph wields a +0 quarterstaff.
Joseph hits you with a +0 quarterstaff!
* * * LOW HITPOINT WARNING * * *
Joseph is nearby!
Okay, then.
You feel much better. Joseph hits you with a +0 quarterstaff.
Aiming: Fastroot
Press: ? - help, Shift-Dir - straight line The roots erupt in riotous growth!
Joseph hits you with a +0 quarterstaff.
* * * LOW HITPOINT WARNING * * *
Aiming: Fastroot
Press: ? - help, Shift-Dir - straight line The roots erupt in riotous growth!
Roots grab Joseph.
The grasping roots constrict Joseph.
Joseph hits you with a +0 quarterstaff!
* * * LOW HITPOINT WARNING * * *
Unknown command.
You slash Joseph!
Joseph is poisoned.
Joseph is lightly wounded.
The grasping roots constrict Joseph.
The roots release their grip on Joseph.
Joseph hits you with a +0 quarterstaff!
* * * LOW HITPOINT WARNING * * *
Unknown command.
A red film seems to cover your vision as you go berserk!
You feel yourself moving faster!
You feel mighty! Joseph barely misses you.
You hit Joseph.
Joseph looks as sick as possible!
Joseph is moderately wounded.
Joseph hits you with a +0 quarterstaff!
You die...
Kikubaaqudgha rasps: "You have failed me!
Welcome... death!"

###....#
######.....$
#..........
#.........###
.#...........###
...............##
.......@........#
.......h....>...#
##..............#
##.............#
##...........#
##..))......# .#
##.)......## ..##
#.......## #..#
##.#.....# ##.##
#..##...##


You could see Joseph (extremely poisoned).

Vanquished Creatures
  2 steam dragons
  Duvessa (D:6)
  2 water moccasins (D:6)
  2 ice beasts
  A centaur (D:6)
  A gnoll sergeant (D:6)
  2 scorpions (D:5)
  Dowan (D:6)
  A gnoll bouda (D:4)
  3 orc priests
  3 jellies
  A sleepcap (D:6)
  2 iguanas (D:5)
  2 orc wizards
  13 gnolls
  5 adders
  2 shadow imps
  2 worms (D:3)
  2 dart slugs
  18 orcs
  4 ball pythons
  6 endoplasms
  5 giant cockroaches
  6 hobgoblins
  4 jackals
  4 quokkas
  4 bats
  A frilled lizard (D:2)
  10 goblins
  7 kobolds
  4 rats
  A spectral orc (D:4)
122 creatures vanquished.

Notes
Turn   | Place    | Note
-------+----------+-------------------------------------------
     0 | D:1      | Shayle the Ogre Shapeshifter began the quest for the Orb.
     0 | D:1      | Reached XP level 1. HP: 19/19 MP: 1/1
    91 | D:1      | Found Feskak's Antique Armour Boutique.
   427 | D:1      | Reached XP level 2. HP: 28/28 MP: 2/2
   737 | D:1      | Reached skill level 2 in Fighting
   737 | D:1      | Reached skill level 1 in Spellcasting
   817 | D:2      | Reached XP level 3. HP: 34/35 MP: 4/4
  1622 | D:3      | Reached XP level 4. HP: 41/44 MP: 5/5
  1634 | D:3      | Reached skill level 3 in Fighting
  1808 | D:3      | Upgraded the game from 0.31-a0-744-gbc345e7fcb to
                  | 0.31-a0-750-gfe7b580527
  2624 | D:4      | Reached XP level 5. HP: 39/53 MP: 6/6
  2815 | D:4      | Found a radiant altar of Vehumet.
  3132 | D:3      | Reached skill level 4 in Fighting
  3280 | D:4      | Found a basalt altar of Yredelemnul.
  3351 | D:4      | Reached XP level 6. HP: 61/62 MP: 7/7
  3615 | D:4      | Found a staircase to the Ecumenical Temple.
  3624 | Temple   | Entered the Ecumenical Temple
  3636 | Temple   | Became a worshipper of Kikubaaqudgha
  3955 | D:5      | Entered Level 5 of the Dungeon
  3955 | D:5      | Found Uwunk's Book Emporium.
  4018 | D:5      | Found an opulent altar of Gozag.
  4056 | D:5      | Noticed an ice beast
  4066 | D:5      | Killed an ice beast
  4067 | D:5      | Reached skill level 5 in Fighting
  4253 | D:5      | Reached XP level 7. HP: 35/72 MP: 8/8
  4545 | D:5      | Found an iron altar of Okawaru.
  4578 | D:5      | Found Atecy Antas's Magic Scroll Emporium.
  4910 | D:6      | Noticed a steam dragon
  4913 | D:6      | Reached skill level 6 in Fighting
  4913 | D:6      | Reached skill level 5 in Shapeshifting
  4982 | D:6      | Reached skill level 5 in Unarmed Combat
  5280 | D:6      | Reached XP level 8. HP: 59/84 MP: 9/9
  5404 | D:6      | Found a blossoming altar of Fedhas.
  5657 | D:6      | HP: 6/189 [gnoll sergeant/+0 spear (5)]
  5659 | D:6      | Reached skill level 7 in Fighting
  5986 | D:5      | Bought a scroll of summoning for 95 gold pieces
  5986 | D:5      | Bought a scroll of identify for 20 gold pieces
  5986 | D:5      | Bought a scroll of identify for 20 gold pieces
  5986 | D:5      | Bought a scroll of identify for 20 gold pieces
  5986 | D:5      | Bought a scroll of noise for 10 gold pieces
  5986 | D:5      | Bought a scroll of teleportation for 30 gold pieces
  5986 | D:5      | Bought a scroll of revelation for 75 gold pieces
  5986 | D:5      | Bought a scroll of vulnerability for 40 gold pieces
  6007 | D:6      | Noticed Duvessa
  6227 | D:6      | Killed Duvessa
  6321 | D:6      | Noticed Dowan
  6329 | D:6      | Killed Dowan
  6668 | D:6      | Found a white marble altar of Elyvilon.
  6684 | D:6      | Reached skill level 8 in Fighting
  7095 | D:7      | Reached XP level 9. HP: 41/97 MP: 10/10
  7100 | D:7      | Noticed Joseph
  7111 | D:7      | Slain by Joseph

Illustrated notes

Levels and vault maps discovered:
D:1:      saegor_arrival_simple_c, layout_loops_cross, serial_shops,
          nicolae_shop_statue_plus, minmay_misc_feat_five
D:2:      layout_loops_ring
D:3:      layout_loops_corners
D:4:      layout_gridville, yredelemnul_forgotten_temple_becter,
          vehumet_crystals, minmay_temple_entry_enclosed_plants
D:5:      layout_rooms, mainiacjoe_overflow_catwalk,
          nicolae_overflow_hidden_temple, serial_shops, shop,
          nicolae_take_the_stairs
D:6:      dreamdust_elfheim, layout_loops_corners, fedhas_altar_fruit_tree,
          mainiacjoe_overflow_alcove_4
D:7:      layout_cave_pods, mainiacjoe_overflow_surrounded_room, uniq_menkaure,
          uniq_duvessa, uniq_joseph
Temple:   hellmonk_temple_forest_ring

Skill      XL: |  1  2  3  4  5  6  7  8 |
---------------+-------------------------+-----
Fighting       | 2 3 4 5 6 8 |  8.5
Spellcasting   | 1 |  1.3
Unarmed Combat | 3 4 5 6 |  6.4
Shapeshifting  | 4 5 6 |  6.5
Dodging        | |  1.7

Action                     |  1- 3 |  4- 6 |  7- 9 || total
---------------------------+-------+-------+-------++-------
  Melee: Unarmed           |   101 |   235 |    14 ||   350
         Punch             |       |     7 |     6 ||    13
         Hand axe          |       |       |   117 ||   117
  Throw: Dart              |       |     3 |       ||     3
  Evoke: Wand              |       |       |     3 ||     3
    Use: Scroll            |     1 |     5 |     8 ||    14
         Potion            |     1 |     1 |     6 ||     8
 Armour: Animal skin       |    39 |   128 |   111 ||   278
         Skin              |     6 |    24 |    10 ||    40
  Dodge: Dodged            |    60 |   140 |    92 ||   292

Table legend: (Time is in decaauts)
 A = Elapsed time spent in this place.
 B = Non-inter-level travel time spent in this place.
 C = Inter-level travel time spent in this place.
 D = Time resting spent in this place.
 E = Time spent auto-exploring this place.
 F = Levels seen in this place.
 G = Mean time per level.
                   A        B        C        D        E       F      G
               +--------+--------+--------+--------+--------+-----+--------+
         Total |   7136 |   6951 |    185 |   1468 |   4001 |   8 |  892.0 |
       Dungeon |   7112 |   6946 |    166 |   1468 |   4001 |   7 | 1016.0 |
        Temple |     23 |      4 |     19 |      0 |      0 |   1 |   23.0 |
               +--------+--------+--------+--------+--------+-----+--------+

Top non-repeatable levels by time:
     D:6: 1955 daAuts
     D:4: 1359 daAuts
     D:3: 1255 daAuts
     D:5: 1117 daAuts
     D:1: 733 daAuts
     D:2: 564 daAuts
     D:7: 126 daAuts
  Temple: 23 daAuts
